 Dungeon Crawl Stone Soup version 0.28.0-45-g0d030f2227 (webtiles) character file.

Game seed: 16326588491958763315

19 theElss the Skirmisher (level 2, -11/28 HPs)
             Began as a Gargoyle Berserker on Apr 16, 2022.
             Was a Follower of Trog.
             Mangled by a kobold
             ... wielding a +1 short sword of distortion
              (16 damage)
             ... on level 1 of the Dungeon.
             The game lasted 00:00:53 (428 turns).

theElss the Skirmisher (Gargoyle Berserker)          Turns: 428, Time: 00:00:54

Health: -11/28     AC:  6    Str: 20    XL:     2   Next: 75%
Magic:  2/2        EV: 12    Int:  7    God:    Trog [*.....]
Gold:   0          SH:  0    Dex:  9    Spells: 1/1 levels left

rFire   . . .      SeeInvis .   a - +0 mace
rCold   . . .      Faith    .   (no shield)
rNeg    + . .      Spirit   .   b - +0 animal skin
rPois   ∞          Reflect  .   d - +0 helmet
rElec   +          Harm     .   (no cloak)
rCorr   .          Rampage  .   (no gloves)
Will    .....                   (no boots)
Stlth   ..........              (no amulet)
HPRegen 0.09/turn               (no ring)
MPRegen 0.08/turn               (no ring)

@: berserking, very quick
A: sickness immunity, AC +2, negative energy resistance 1, electricity
resistance, torment resistance 1, petrification resistance
a: Renounce Religion, Berserk


You were on level 1 of the Dungeon.
You worshipped Trog.
Trog was aware of your devotion.
You visited 1 branch of the dungeon, and saw 1 of its levels.

Inventory:

Hand Weapons
 a - a +0 mace (weapon)
Armour
 b - a +0 animal skin (worn)
 d - a +0 helmet (worn)
Scrolls
 c - a scroll of magic mapping {unknown}


   Skills:
 + Level 3.5 Fighting
 + Level 3.2 Maces & Flails
 + Level 2.6 Armour
 + Level 1.9 Dodging


You had one spell level left.
You didn't know any spells.
Your spell library was empty.

Dungeon Overview and Level Annotations

Branches:
Dungeon (1/15)

Altars:


Innate Abilities, Weirdness & Mutations

You are immune to sickness and miasma.
Your stone body is resilient. (AC +2)
You are immune to poison.
You resist negative energy. (rN+)
You are resistant to electric shocks. (rElec)
You are resistant to unholy torment.
You are immune to petrification.


Message History

A frilled lizard comes into view.
The frilled lizard hisses angrily.
The kobold hits you but does no damage.
You barely miss the kobold. The kobold hits you but does no damage.
The frilled lizard hisses.
You barely miss the kobold. The kobold closely misses you.
The kobold hits you but does no damage.
You sock the kobold!
You kill the kobold!
Trog accepts your kill. The frilled lizard bites you.
Things that are here:
a +0 short sword; a kobold corpse You closely miss the frilled lizard.
The frilled lizard bites you but does no damage.
You closely miss the frilled lizard. The frilled lizard closely misses you.
You hit the frilled lizard.
You kill the frilled lizard!
Trog accepts your kill.
Things that are here:
a +0 short sword; a frilled lizard corpse; a kobold corpse A rat comes into view.
You hit the rat.
You kill the rat!
Trog accepts your kill.
A kobold comes into view.
It is wielding a +1 short sword of distortion.
You see here a rat corpse.
A rat comes into view.
A red film seems to cover your vision as you go berserk!
You feel yourself moving faster!
You feel mighty!
You barely miss the kobold. The kobold hits you but does no damage.
Space warps horribly around you!!
Ouch! That really hurt!
You closely miss the kobold. You closely miss the kobold.
The kobold hits you with a +1 short sword of distortion.
* * * LOW HITPOINT WARNING * * *
Space warps horribly around you!
Ouch! That really hurt!
You die...

##.#..###.......######.##
##.#..# #.#####.)........
##.#..###.# #.#####.#.#
#........# #.####.#
###..#...#####.....#
####.............###.#
......#....#####†#
#####.#.....## #.#####.#
#........###@......#
###.......##Kr######
##....#.##..# #
#.##...##..# #
#†##.####..# #
#####.##.####... #
#..............# #
#.###.##....#### #
##.###.##.....


You could see a kobold and a rat.

Vanquished Creatures
  2 endoplasms (D:1)
  A giant cockroach (D:1)
  A hobgoblin (D:1)
  4 jackals (D:1)
  A kobold (D:1)
  3 ball pythons (D:1)
  A frilled lizard (D:1)
  4 rats (D:1)
17 creatures vanquished.

Notes
Turn   | Place    | Note
-------+----------+-------------------------------------------
     0 | D:1      | theElss the Gargoyle Berserker began the quest for the Orb.
     0 | D:1      | Reached XP level 1. HP: 14/14 MP: 1/1
   141 | D:1      | Reached XP level 2. HP: 19/19 MP: 2/2
   428 | D:1      | Mangled by a kobold

Illustrated notes

Levels and vault maps discovered:
D:1:      dpeg_arrival_round_c, layout_loops_ring,
          dreamdust_ecumenical_altar_hidden_monk_grotto

Action                   || total
-------------------------++-------
Melee: Mace              ||    50
Invok: Berserk           ||     1
Armor: Animal skin       ||    15
Dodge: Dodged            ||    32
